Map: Belladona EE

Players

zarzosa

  • Race: Terran Terran
  • League: Silver
  • Spawn Location: 5:00

MrFercho - Winner!

  • Race: Zerg Zerg
  • League: Silver
  • Spawn Location: 11:00

VOD

Have the link to the VOD?

Description

Time

  • Played on: May 24, 2020, 11:33 p.m.
  • Length: 7:30
Show
View Real Time Build Order
Export as new Build Order

zarzosa Terran 

Build Orders:  

Get SALT Encoding   

  12  0:10  Supply Depot  
  12  0:17  SCV  
  13  0:29  SCV  
  13  0:33  Barracks  
  14  0:46  SCV  
  14  0:47  Supply Depot  
  15  0:59  Refinery  
  15  1:00  SCV  
  16  1:12  SCV  
  17  1:24  SCV  
  18  1:32  Barracks  
  19  1:38  Marine  
  19  1:44  SCV  
  20  1:54  Refinery  
  20  1:56  Marine, SCV  
  22  2:08  SCV  
  22  2:14  Marine  
  24  2:20  Supply Depot  
  24  2:23  Reaper  
  25  2:32  Marine  
  26  2:41  SCV  
  26  2:44  Supply Depot  
  27  2:49  Marine  
  28  2:53  SCV  
  28  2:55  Reaper  
  30  3:05  SCV  
  31  3:07  Barracks  
  31  3:10  Barracks Tech Lab  
  31  3:17  SCV  
  32  3:26  Factory  
  32  3:27  Reaper  
  33  3:39  Marauder  
  35  3:42  Combat Shield  
  35  3:52  Orbital Command  
  33  4:04  Barracks Reactor  
  33  4:10  Marine  
  33  4:16  Marine  
  35  4:28  Marine  
  35  4:34  Marine  
  36  4:43  Marine x2  
  38  4:46  Marine  
  38  4:52  Marine  
  40  5:00  Stimpack  
  40  5:01  Marine x2  
  40  5:03  Marine  
  42  5:09  Marine  
  43  5:19  Marine x2  
  43  5:20  Supply Depot  
  45  5:23  Hellion  
  45  5:25  Starport  
  45  5:27  Barracks Reactor  
  47  5:37  Engineering Bay  
  47  5:41  Marauder, Marine x2  
  51  5:43  Supply Depot  
  51  5:45  Hellion  
  53  6:03  Marauder  
  55  6:06  Supply Depot, Hellion  
  55  6:10  Factory  
  34  6:27  Hellion  
  36  6:34  Marine x2  
  36  6:35  Marine x2  
  36  6:36  Marauder  
  42  6:47  Supply Depot  
  42  7:10  Supply Depot  
Show
View Real Time Build Order
Export as new Build Order

MrFercho Zerg - Winner!

Build Orders: Pool First 

Get SALT Encoding   

  12  0:01  Drone  
  13  0:13  Overlord  
  13  0:19  Extractor, Drone  
  13  0:26  Extractor, Drone  
  13  0:33  Drone  
  14  0:41  Overlord  
  14  0:50  Drone  
  15  0:57  Drone  
  16  1:08  Spawning Pool  
  16  1:10  Drone  
  16  1:27  Drone  
  17  1:33  Evolution Chamber  
  17  1:34  Drone  
  17  1:45  Drone  
  18  1:51  Drone  
  19  1:55  Metabolic Boost  
  19  1:58  Queen  
  21  2:11  Zergling x2  
  22  2:17  Zergling x2  
  23  2:32  Hatchery  
  22  2:39  Zergling x2  
  22  2:40  Zergling x2  
  24  2:44  Overlord  
  24  2:54  Zerg Melee Weapons Level 1  
  24  3:05  Lair  
  24  3:08  Zergling x2  
  24  3:09  Zergling x2  
  26  3:23  Zergling x2  
  26  3:24  Zergling x4  
  29  3:38  Drone  
  30  4:11  Drone x2  
  30  4:12  Drone  
  30  4:13  Zergling x4  
  30  4:14  Zergling x4  
  37  4:19  Baneling Nest  
  30  5:04  Drone x3  
  33  5:13  Zergling x12  
  39  5:17  Centrifical Hooks  
  39  5:27  Queen  
  41  5:46  Baneling  
  41  5:47  Baneling x25  
  28  6:26  Zergling x14  
  28  6:27  Zergling x8  
  39  6:40  Extractor  
  39  6:42  Extractor  
  37  6:49  Infestation Pit  
Tags
 
Matchup
TvZ
Opening
Pool First
Replay Pack
MrFercho
Spawn Locations
Cross Positions
Add a new tag
Caveats
  • Supply blocks, unpowered buildings, or Contaminate may cause inaccurate times.
  • Supply counts are checked every 10 seconds.